Map: Reclamation LE

Players

Ekelpack

  • Race: Zerg Zerg
  • Spawn Location: 12:00

Nyck

  • Race: Terran Terran
  • Spawn Location: 11:00

Bert

  • Race: Zerg Zerg
  • Spawn Location: 5:00

fedsfsa

  • Race: Zerg Zerg
  • Spawn Location: 6:00

VOD

Have the link to the VOD?

Description

Time

  • Played on: Jan. 29, 2025, 1:02 p.m.
  • Length: 11:42
Show
View Real Time Build Order
Export as new Build Order

Ekelpack Zerg 

Build Orders: Hatch First 

Get SALT Encoding   

  12  0:00  Drone  
  13  0:12  Overlord  
  13  0:16  Drone  
  14  0:31  Drone  
  15  0:44  Hatchery  
  15  0:47  Drone  
  15  1:03  Spawning Pool  
  14  1:07  Drone  
  14  1:10  Extractor  
  14  1:12  Drone  
  14  1:16  Drone  
  16  1:21  Drone  
  17  1:30  Drone  
  18  1:42  Drone  
  19  1:53  Queen  
  21  1:56  Drone  
  21  2:00  Queen  
  24  2:05  Drone  
  25  2:09  Drone  
  25  2:13  Metabolic Boost  
  26  2:19  Drone  
  26  2:21  Zergling x2  
  28  2:27  Extractor  
  28  2:28  Overlord  
  27  2:50  Drone x2  
  29  2:53  Extractor  
  29  2:55  Drone x3  
  29  2:56  Lair  
  31  3:06  Zergling x4  
  31  3:11  Drone x2  
  31  3:12  Overlord  
  35  3:20  Drone  
  35  3:25  Extractor  
  35  3:28  Drone  
  35  3:32  Overlord  
  36  3:35  Drone  
  37  3:48  Drone x4  
  39  3:49  Drone  
  41  3:59  Spine Crawler x2  
  41  4:01  Spine Crawler  
  38  4:18  Zergling x6  
  24  4:45  Zergling x6  
  23  4:50  Queen  
  23  4:52  Drone x3  
  22  5:03  Drone  
  23  5:11  Drone  
  24  5:14  Drone  
  24  5:15  Drone  
  24  5:21  Drone  
  27  5:23  Drone  
  28  5:34  Drone x2  
  30  5:39  Spire  
  30  5:41  Drone  
  30  5:47  Drone x2  
  32  5:51  Drone x2  
  34  6:08  Zergling x4  
  34  6:09  Zergling x10  
  41  6:21  Drone x2  
  43  6:27  Drone  
  44  6:36  Zergling x4  
  46  6:48  Drone x4  
  50  6:55  Overlord  
  50  7:00  Mutalisk  
  52  7:01  Overlord  
  52  7:16  Zerg Flyer Weapons Level 1  
  52  7:17  Overlord  
  52  7:33  Spine Crawler  
  52  7:36  Spine Crawler  
  50  7:37  Spine Crawler, Drone x2  
  51  8:01  Mutalisk  
  51  8:02  Mutalisk x6  
  51  8:03  Mutalisk x2  
  69  8:20  Drone x3  
  72  8:28  Overlord x2  
  72  8:30  Mutalisk x2  
  76  8:40  Overlord  
  76  8:56  Mutalisk x3  
  76  8:57  Mutalisk x3  
  88  9:18  Zerg Flyer Weapons Level 2  
  88  9:40  Zergling x2, Overlord x2  
  88  9:41  Zergling x4  
  91  9:51  Overlord x2  
  91  10:03  Hatchery  
  90  10:08  Extractor  
  88  10:15  Mutalisk x3  
  94  10:35  Drone x3  
  75  11:04  Zergling x2  
  75  11:05  Zergling x14  
Show
View Real Time Build Order
Export as new Build Order

Nyck Terran 

Build Orders: 2 Factory, Hellion Opening 

Get SALT Encoding   

  12  0:00  SCV  
  13  0:12  SCV  
  14  0:20  Supply Depot  
  14  0:26  Refinery  
  14  0:27  SCV  
  15  0:41  SCV  
  16  0:45  Barracks  
  16  0:54  SCV  
  17  1:06  SCV  
  18  1:18  SCV  
  19  1:33  Factory  
  19  1:36  Orbital Command  
  19  1:39  Refinery  
  19  1:45  Reaper  
  20  2:05  SCV  
  21  2:17  Hellion  
  21  2:18  Factory  
  23  2:24  Supply Depot  
  23  2:45  SCV, Marine, Hellion  
  23  2:50  Supply Depot  
  27  2:57  SCV  
  27  3:06  Factory Tech Lab  
  27  3:07  Factory  
  27  3:09  SCV  
  28  3:15  Command Center  
  28  3:19  Hellion  
  30  3:22  SCV  
  30  3:25  Infernal Pre-Igniter  
  33  3:34  Hellion  
  33  3:40  Hellion  
  33  3:41  SCV  
  36  3:46  Supply Depot  
  36  3:51  Hellion  
  38  4:08  Hellion  
  40  4:14  SCV  
  28  4:20  Hellion x2  
  23  4:26  SCV  
  16  4:54  SCV  
  17  5:17  SCV  
  18  5:29  SCV  
  19  5:38  SCV  
  20  5:50  SCV x2  
  18  6:08  SCV  
  18  6:09  SCV  
  20  6:12  Hellion x2  
  24  6:20  SCV  
  24  6:21  SCV  
  26  6:33  SCV x2  
  28  6:45  SCV x2  
  28  6:47  Hellion  
  32  6:50  Hellion  
  34  7:01  SCV  
  34  7:05  Orbital Command  
  35  7:13  SCV  
  35  7:15  Hellion  
  38  7:23  Armory  
  38  7:26  SCV  
  39  7:37  SCV  
  40  7:38  SCV  
  40  7:39  Hellion  
  40  7:42  Hellion  
  45  7:49  SCV  
  45  7:50  SCV  
  47  8:01  SCV  
  47  8:02  SCV, Hellion x2  
  53  8:13  SCV  
  53  8:14  SCV  
  55  8:20  Command Center  
  55  8:27  SCV x2  
  56  8:30  Hellion x2  
  61  8:36  Refinery  
  61  8:38  Refinery  
  61  8:39  SCV  
  62  9:01  Supply Depot  
  62  9:05  SCV x2  
  62  9:09  Hellion  
  62  9:18  SCV x2  
  55  9:30  SCV x2  
  47  9:48  SCV x2  
  47  9:49  SCV  
  50  10:00  SCV  
  50  10:01  SCV x2  
  50  10:04  Factory Tech Lab  
  50  10:05  Factory Tech Lab  
  50  10:06  Siege Tank  
  50  10:13  SCV x2  
  41  10:15  SCV  
  42  10:25  SCV x2, Siege Tank  
  42  10:27  SCV, Siege Tank  
  51  10:33  Armory  
  51  10:38  SCV x2  
  51  10:41  SCV  
  38  10:50  SCV  
  22  11:05  Hellion x3  
Show
View Real Time Build Order
Export as new Build Order

Bert Zerg 

Build Orders: Hatch First 

Get SALT Encoding   

  12  0:01  Drone  
  13  0:08  Drone  
  14  0:32  Hatchery  
  14  0:35  Drone  
  14  0:44  Overlord  
  14  1:01  Spawning Pool  
  14  1:03  Drone  
  14  1:07  Drone  
  15  1:11  Drone  
  15  1:14  Extractor  
  15  1:17  Drone  
  16  1:26  Drone  
  17  1:40  Drone  
  17  1:44  Drone  
  19  1:51  Queen  
  19  1:53  Drone  
  22  1:57  Queen  
  22  2:01  Drone  
  25  2:07  Overlord  
  25  2:16  Metabolic Boost  
  25  2:20  Overlord  
  25  2:25  Zergling x2  
  25  2:26  Zergling x2  
  25  2:28  Zergling x2  
  28  2:33  Zergling x2  
  29  2:37  Zergling x2  
  29  2:43  Zergling x4  
  32  2:50  Zergling x2  
  33  2:53  Zergling x2  
  34  3:06  Zergling x4  
  34  3:07  Zergling x6  
  39  3:15  Lair  
  39  3:16  Zergling x2  
  39  3:17  Zergling x4  
  42  3:21  Zergling x2  
  42  3:22  Zergling x2  
  44  3:32  Overlord  
  44  3:36  Drone, Extractor  
  44  4:01  Zergling x16  
  33  4:27  Drone  
  33  4:28  Drone  
  35  4:33  Spine Crawler  
  35  4:34  Drone  
  35  4:35  Spine Crawler  
  33  4:41  Spire  
  33  4:42  Drone  
  33  4:43  Drone  
  33  4:44  Drone  
  28  4:58  Spine Crawler  
  27  5:02  Spine Crawler  
  27  5:05  Spine Crawler, Drone x3  
  28  5:10  Drone  
  30  5:14  Drone  
  30  5:30  Drone x3  
  30  5:31  Drone x2  
  30  5:32  Drone  
  36  5:53  Mutalisk  
  36  5:54  Mutalisk x3  
  44  6:00  Extractor  
  44  6:02  Extractor  
  42  6:08  Drone x2  
  42  6:10  Drone x2  
  46  6:12  Drone x2  
  46  6:15  Zerg Flyer Weapons Level 1  
  46  6:17  Overlord  
  48  6:23  Drone x2  
  48  6:24  Drone  
  52  6:25  Drone  
  52  6:28  Overlord  
  52  6:34  Spore Crawler  
  52  6:37  Spore Crawler  
  50  6:41  Spine Crawler  
  50  6:43  Spore Crawler  
  48  6:48  Spore Crawler  
  48  6:54  Spine Crawler  
  46  6:57  Mutalisk  
  46  6:58  Mutalisk  
  50  7:05  Drone  
  50  7:06  Drone x2  
  50  7:07  Drone  
  54  7:09  Drone  
  54  7:11  Drone  
  54  7:14  Drone  
  57  7:16  Drone  
  57  7:18  Drone  
  59  7:26  Overlord  
  59  7:30  Mutalisk x2  
  63  7:39  Spore Crawler  
  63  7:42  Mutalisk x2  
  63  7:43  Mutalisk  
  68  7:55  Overlord  
  68  8:06  Mutalisk  
  68  8:09  Zerg Flyer Armor Level 1  
  70  8:25  Hatchery, Mutalisk x2  
  73  8:38  Mutalisk  
  75  9:09  Extractor  
  74  9:13  Mutalisk  
  76  9:35  Mutalisk  
  76  9:36  Mutalisk x3  
  82  9:40  Overlord x3  
  82  9:47  Spore Crawler  
  82  9:49  Spore Crawler  
  82  9:52  Spore Crawler  
  79  9:53  Spore Crawler x2  
  75  10:27  Mutalisk  
  75  10:28  Mutalisk x4  
  85  10:37  Mutalisk  
  87  10:43  Drone x3  
  87  10:46  Queen  
Show
View Real Time Build Order
Export as new Build Order

fedsfsa Zerg 

Build Orders: Hatch First, Roach Hydra 

Get SALT Encoding   

  12  0:01  Drone  
  13  0:12  Overlord  
  13  0:17  Drone  
  14  0:30  Drone x2  
  14  0:34  Drone  
  17  0:50  Hatchery  
  17  0:54  Drone  
  17  0:57  Drone  
  18  1:12  Spawning Pool, Extractor  
  16  1:22  Drone  
  16  1:23  Drone  
  18  1:29  Drone  
  19  1:42  Overlord  
  19  1:51  Drone  
  20  2:02  Queen x2  
  20  2:03  Zergling x4  
  26  2:11  Drone  
  26  2:14  Drone  
  26  2:15  Metabolic Boost  
  28  2:24  Drone  
  28  2:25  Drone  
  30  2:32  Drone  
  31  2:54  Drone x4  
  35  3:09  Drone  
  35  3:11  Baneling Nest  
  35  3:13  Overlord  
  35  3:23  Spine Crawler, Hatchery  
  35  3:25  Overlord  
  33  3:28  Overlord  
  33  3:34  Zergling x12  
  39  3:40  Overlord  
  39  3:54  Zergling x6  
  42  3:59  Baneling x4  
  42  4:17  Zergling x2  
  42  4:18  Zergling x10  
  46  4:44  Drone x10  
  49  4:59  Zergling x8  
  45  5:04  Lair  
  45  5:08  Roach Warren  
  45  5:09  Evolution Chamber  
  45  5:10  Drone x3  
  45  5:11  Extractor x2  
  44  5:18  Baneling x2  
  44  5:21  Spore Crawler  
  43  5:22  Spore Crawler  
  42  5:37  Spine Crawler  
  42  5:39  Zergling x2  
  42  5:40  Zergling x24  
  42  5:42  Baneling x6  
  53  5:45  Queen  
  55  5:52  Zergling x6  
  55  6:12  Glial Reconstitution  
  55  6:13  Zerg Missile Weapons Level 1  
  55  6:19  Drone x8  
  55  6:20  Extractor  
  62  6:25  Drone  
  63  6:49  Spore Crawler  
  63  6:50  Drone x7  
  63  6:53  Spore Crawler  
  68  7:02  Overlord x4  
  68  7:12  Overseer  
  68  7:17  Roach  
  68  7:18  Roach x2  
  68  7:20  Overlord x2  
  68  7:22  Roach  
  76  7:31  Roach x4  
  84  7:39  Roach x3  
  90  8:02  Hydralisk Den  
  89  8:09  Overlord  
  89  8:17  Spore Crawler  
  88  8:22  Spore Crawler, Overlord x2  
  88  8:23  Overlord x2  
  88  8:24  Zerg Missile Weapons Level 2  
  87  8:31  Hydralisk x6  
  99  8:34  Muscular Augments  
  99  8:38  Drone x3  
  102  8:46  Overlord x2  
  102  8:52  Drone  
  102  8:55  Drone  
  104  9:00  Spore Crawler, Hydralisk  
  104  9:02  Spore Crawler  
  104  9:11  Hydralisk x3  
  110  9:21  Centrifugal Hooks  
  100  9:39  Zergling x20  
  107  9:52  Grooved Spines  
  107  9:54  Drone x3  
  107  9:55  Lurker Den  
  109  10:02  Hatchery, Queen  
  110  10:09  Hydralisk  
  110  10:10  Hydralisk x3  
  118  10:20  Baneling  
  118  10:21  Baneling x8  
  118  10:22  Hydralisk x2  
  118  10:26  Zergling x6  
  124  10:34  Drone x5  
  105  11:01  Hydralisk x8  
  106  11:18  Hydralisk x5  
  100  11:40  Infestation Pit  
Tags
 
Add a new tag
Caveats
  • Supply blocks, unpowered buildings, or Contaminate may cause inaccurate times.
  • Supply counts are checked every 10 seconds.